 Dungeon Crawl Stone Soup version 0.25.1-9-gc5326a611f (webtiles) character file.

Game seed: 17065759306971289189

3065 raceaflais the Cruncher (level 9, 0/56 HPs)
             Began as a Gargoyle Gladiator on Dec 31, 2020.
             Was a Believer of Trog.
             Slain by an orc warrior
             ... wielding a +0 halberd
              (3 damage)
             ... on level 9 of the Dungeon.
             The game lasted 00:30:20 (8498 turns).

raceaflais the Cruncher (Gargoyle Gladiator)        Turns: 8498, Time: 00:30:22

Health: 0/56       AC: 30    Str: 20    XL:     9   Next: 88%
Magic:  9/9        EV: 13    Int: 10    God:    Trog [**....]
Gold:   371        SH:  5    Dex: 11    Spells: 8/8 levels left

rFire    + + .     SeeInvis +   j - +0 quarterstaff (protect)
rCold    + + .     Gourm    .   (shield currently unavailable)
rNeg     + . .     Faith    .   g - +4 ring mail
rPois    ∞         Spirit   .   b - +2 helmet {SInv}
rElec    +         Reflect  +   q - scarf {rC+ rF+}
rCorr    +         Harm     .   x - +0 pair of gloves
MR       .....                  t - +0 pair of boots
Stlth    +.........             a - amulet of reflection
HPRegen  0.18/turn              (no ring)
MPRegen  0.11/turn              (no ring)

@: resistant, protection aura, flying
A: claws 1, rugged brown scales 1, negative energy resistance 1, electricity
resistance, unbreathing, petrification resistance, rot immunity, AC +6
a: Berserk, Trog's Hand, Renounce Religion


You were on level 9 of the Dungeon.
You worshipped Trog.
Trog was pleased with you.
You were not hungry.

You visited 2 branches of the dungeon, and saw 10 of its levels.
You also visited: Sewer.

You collected 546 gold pieces.
You spent 175 gold pieces at shops.

Inventory:

Hand Weapons
 j - a +0 quarterstaff of protection (weapon)
 n - a +0 shortbow
 r - a +1 dagger of speed
 A - a +0 short sword of speed
Missiles
 d - 3 throwing nets (quivered)
 h - 11 javelins
 k - 200 stones
 o - 97 arrows
 p - 43 poisoned darts
 w - 14 sling bullets
 y - 16 boomerangs
Armour
 b - a +2 helmet of see invisible (worn)
 g - a +4 ring mail (worn)
 q - a scarf of resistance (worn)
 t - a +0 pair of boots (worn)
 x - a +0 pair of gloves (worn)
Magical Staves
 C - an uncursed staff of wizardry
Jewellery
 a - an amulet of reflection (around neck)
Scrolls
 c - 2 scrolls of immolation
 i - 2 scrolls of teleportation
 l - 5 scrolls of remove curse
 u - a scroll of magic mapping
 z - 8 scrolls of identify
Comestibles
 f - 16 rations


   Skills:
 + Level 5.9 Fighting
 + Level 3.3 Short Blades
 + Level 9.3 Staves
 + Level 1.8 Throwing
 + Level 5.7 Armour
 + Level 4.9 Dodging
 + Level 2.6 Stealth


You had 8 spell levels left.
You didn't know any spells.
Your spell library contained the following spells:

 Spells                   Type           Power        Failure   Level  Hunger
 Animate Skeleton         Necr           N/A          52%         1    ##.....
 Apportation              Tloc           #.....       52%         1    ##.....
 Corona                   Hex            #......      52%         1    ##.....
 Pain                     Necr           #...         52%         1    ##.....
 Summon Small Mammal      Summ           #...         52%         1    ##.....
 Ensorcelled Hibernation  Hex/Ice        #.....       67%         2    ###....
 Slow                     Hex            #.......     67%         2    ###....
 Confusing Touch          Hex            #.......     88%         3    ####...
 Dazzling Flash           Conj/Hex       #.....       88%         3    ####...
 Inner Flame              Hex/Fire       #.......     88%         3    ####...
 Portal Projectile        Hex/Tloc       #.....       88%         3    ####...
 Tukima's Dance           Hex            #.......     88%         3    ####...
 Vampiric Draining        Necr           #.........   88%         3    ####...
 Animate Dead             Necr           N/A          99%         4    #####..
 Cause Fear               Hex            #.........   99%         4    #####..
 Leda's Liquefaction      Hex/Erth       #.........   99%         4    #####..
 Agony                    Necr           #.......     100%        5    ######.


Dungeon Overview and Level Annotations

Branches:
Dungeon (9/15)             Temple (1/1) D:5             Orc (0/2) D:9
  Sewer (visited)
   Lair: D:8-11

Altars:
Ashenzari
Cheibriados
Dithmenos
Elyvilon
Fedhas
Gozag
Hepliaklqana
Kikubaaqudgha
Makhleb
Nemelex Xobeh
Okawaru
Qazlal
Ru
Sif Muna
Trog
Vehumet
Wu Jian
Xom
Yredelemnul
Zin
The Shining One

Shops:
D:4 ?


Innate Abilities, Weirdness & Mutations

You are resistant to torment.
Your stone body is resilient. (AC +6)
You are immune to poison.
You resist negative energy. (rN+)
You are resistant to electric shocks. (rElec)
You can survive without breathing.
You are immune to petrification.
You are immune to rotting.
You have sharp fingernails.
You are partially covered in rugged brown scales. (AC +1, +3% HP)


Message History

The orc wizard closely misses you.
You sock the orc wizard!
You kill the orc wizard!
Trog accepts your kill.
Trog appreciates your killing of a magic user.
The orc warrior hits you but does no damage.
The orc warrior barely misses you.
Things that are here:
a +0 dagger; a +0 robe You block the orc warrior's attack.
You closely miss the orc warrior. You block the orc warrior's attack.
The orc warrior zaps a wand.
The puff of flame hits you but does no damage.
You hit the orc warrior.
Your weapon exudes an aura of protection.
The orc warrior is moderately wounded.
The orc warrior hits you with a cursed -2 flail!
* * * LOW HITPOINT WARNING * * *
The orc warrior hits you with a +0 halberd.
You die...

..........#
#..## ##.#####
###########
##..## #.# ##..#
#.# #######.##
#.# #..(.....#
#.# #........#
#...>.)).#
#...oo)).#
#...@....#
................
####........###.
..........#
###........#
#........#
#..####### #..


You could see 2 orc warriors.

Vanquished Creatures
  Maggie (D:9)
  A hungry ghost (D:7)
  Menkaure (D:5)
  A water moccasin (D:5)
  Purgy (Sewer)
  An ice beast (D:5)
  3 sky beasts
  A necrophage (D:8)
  2 centaurs
  2 bullfrogs
  A scorpion (D:8)
  3 killer bees (D:8)
  4 crimson imps
  2 jellies
  3 hounds
  7 orc wizards
  3 orc priests (D:4)
  2 bullfrog skeletons
  A centaur skeleton (D:9)
  9 worker ants
  4 iguanas
  2 hound zombies (D:7)
  A worker ant zombie (D:9)
  8 gnolls
  15 adders
  2 river rats (D:4)
  4 shadow imps
  An ooze (D:3)
  An adder zombie (D:8)
  An adder skeleton (D:8)
  3 worms
  A dart slug (D:1)
  A leopard gecko (D:8)
  25 orcs
  8 bats
  2 bat zombies (D:7)
  3 giant cockroaches
  10 goblins
  15 hobgoblins
  10 jackals
  2 kobolds
  5 quokkas
  3 ball pythons
  6 frilled lizards
  A giant cockroach zombie (D:5)
  2 quokka skeletons
  A quokka zombie (D:8)
  A rat (D:1)
  2 rat zombies (D:7)
189 creatures vanquished.

Vanquished Creatures (others)
  A quokka zombie (D:7)
1 creature vanquished.

Grand Total: 190 creatures vanquished

Notes
Turn   | Place    | Note
-------+----------+-------------------------------------------
     0 | D:1      | raceaflais the Gargoyle Gladiator began the quest for the
                  | Orb.
     0 | D:1      | Reached XP level 1. HP: 12/12 MP: 1/1
   125 | D:1      | Reached XP level 2. HP: 18/18 MP: 2/2
   573 | D:1      | Reached XP level 3. HP: 22/22 MP: 3/3
   870 | D:2      | Found a burning altar of Makhleb.
   943 | D:2      | Reached skill level 1 in Armour
   943 | D:2      | Reached XP level 4. HP: 16/27 MP: 4/4
  1021 | D:2      | Gained mutation: You are partially covered in icy blue
                  | scales. (AC +2) [potion of mutation]
  1021 | D:2      | Gained mutation: You possess an exceptional clarity of
                  | mind. [potion of mutation]
  2027 | D:3      | Reached skill level 1 in Staves
  2041 | D:3      | Reached XP level 5. HP: 20/32 MP: 5/5
  2044 | D:3      | Reached skill level 2 in Staves
  2761 | D:4      | Found a shimmering blue altar of Sif Muna.
  2827 | D:4      | Found a glowing drain.
  2860 | Sewer    | Entered a sewer
  2874 | Sewer    | Reached XP level 6. HP: 37/37 MP: 6/6
  2888 | Sewer    | Noticed Purgy
  2890 | Sewer    | Lost mutation: You possess an exceptional clarity of mind.
                  | [potion of mutation]
  2890 | Sewer    | Lost mutation: You are partially covered in icy blue
                  | scales. (AC +2) [potion of mutation]
  2890 | Sewer    | Gained mutation: You have sharp fingernails. [potion of
                  | mutation]
  2890 | Sewer    | Gained mutation: You are partially covered in rugged brown
                  | scales. (AC +1, +3% HP) [potion of mutation]
  2902 | Sewer    | Killed Purgy
  2902 | Sewer    | Reached skill level 3 in Staves
  3293 | D:4      | Found a shattered altar of Ashenzari.
  3709 | D:4      | Found Jicze Moe's Magic Scroll Boutique.
  3716 | D:4      | Bought a scroll of magic mapping for 35 gold pieces
  3716 | D:4      | Bought a scroll of identify for 20 gold pieces
  3716 | D:4      | Bought 3 scrolls of identify for 60 gold pieces
  3716 | D:4      | Bought 3 scrolls of identify for 60 gold pieces
  3841 | D:4      | Reached XP level 7. HP: 22/42 MP: 7/7
  4136 | D:4      | Reached skill level 4 in Staves
  4311 | D:5      | Entered Level 5 of the Dungeon
  4659 | D:5      | Found a staircase to the Ecumenical Temple.
  4738 | Temple   | Entered the Ecumenical Temple
  4833 | Temple   | Became a worshipper of Trog the Wrathful
  4910 | D:5      | Noticed Menkaure
  4921 | D:5      | Killed Menkaure
  4921 | D:5      | Reached skill level 5 in Staves
  4921 | D:5      | Reached XP level 8. HP: 22/49 MP: 8/8
  5154 | D:5      | Reached skill level 1 in Stealth
  5160 | D:5      | Reached skill level 6 in Staves
  5308 | D:5      | Found a shimmering altar of Xom.
  5308 | D:5      | Found a shimmering altar of Xom.
  5308 | D:5      | Found a shimmering altar of Xom.
  5311 | D:5      | Found a shimmering altar of Xom.
  5311 | D:5      | Found a shimmering altar of Xom.
  5311 | D:5      | Found a shimmering altar of Xom.
  5312 | D:5      | Found a shimmering altar of Xom.
  5720 | D:6      | Found an ornate altar of the Wu Jian Council.
  6446 | D:7      | Reached skill level 7 in Staves
  6456 | D:7      | Found an ancient bone altar of Kikubaaqudgha.
  6562 | D:7      | Reached * piety under Trog
  6634 | D:7      | Reached skill level 5 in Armour
  6981 | D:7      | Reached XP level 9. HP: 54/54 MP: 9/9
  7009 | D:7      | Found a stormy altar of Qazlal.
  7138 | D:7      | Reached skill level 5 in Fighting
  7473 | D:8      | Found a hazy altar of Hepliaklqana.
  7487 | D:8      | Reached skill level 8 in Staves
  8230 | D:9      | Reached ** piety under Trog
  8444 | D:9      | Found a staircase to the Orcish Mines.
  8444 | D:9      | Noticed Maggie
  8470 | D:9      | Killed Maggie
  8470 | D:9      | Reached skill level 9 in Staves
  8498 | D:9      | Slain by an orc warrior

Illustrated notes

Levels and vault maps discovered:
D:1:      minmay_arrival_glassed_features, layout_loops_ring,
          chequers_serial_rivers_micro_a
D:2:      cheibrodos_greedy_goblins, layout_basic, lemuel_crystal_altar,
          first_ration
D:3:      layout_loops_cross, hangedman_feature_mirror
D:4:      layout_layer_cave, old_standard_altar, led_sif_pool,
          cheibrodos_sewer_entry_sluice, serial_shops, nicolae_shop_crystal
D:5:      layout_cave_pools, nicolae_xom_altar_mimics, temple_statues,
          chequers_garden, uniq_menkaure
D:6:      layout_loops_ring, basic_altar
D:7:      layout_loops_ring, lemuel_zombie_altar_kikubaaqudgha,
          grunt_qazlal_clouds
D:8:      layout_loops_ring, lemuel_round_altar
D:9:      layout_roguey, nicolae_overflow_crystal_walls, orc_0_dummy,
          uniq_maurice, uniq_harold, uniq_maggie
Temple:   jpeg_temple_clearing

Skill      XL: |  1  2  3  4  5  6  7  8  9 |
---------------+----------------------------+-----
Short Blades   | 3 |  3.3
Armour         | 1 2 3 4 5 |  5.7
Dodging        | 3 4 |  4.9
Staves         | 1 2 3 5 7 9 |  9.3
Fighting       | 3 4 5 |  5.9
Stealth        | 1 2 |  2.6
Throwing       | |  1.8

Action                   |  1- 3 |  4- 6 |  7- 9 || total
-------------------------+-------+-------+-------++-------
Melee: Rapier            |    66 |       |       ||    66
       Quarterstaff      |    33 |   249 |   627 ||   909
  Use: Scroll            |     6 |     6 |    17 ||    29
       Potion            |     2 |     8 |    10 ||    20
 Stab: Fleeing           |       |       |     1 ||     1
       Sleeping          |       |       |     1 ||     1
  Eat: Chunk             |       |    10 |    12 ||    22
       Ration            |       |       |     3 ||     3
Armor: Ring mail         |    50 |   179 |   329 ||   558
       Skin              |       |       |    48 ||    48
Dodge: Dodged            |    70 |   228 |   354 ||   652
Block: Other             |       |       |    59 ||    59
       Reflection        |       |       |     1 ||     1
